 Dungeon Crawl Stone Soup version 0.22.1-6-g1668fe2 (webtiles) character file.

75 Tiagovsky the Changer (level 4, 0/32 HPs)
             Began as a Gnoll Wanderer on Jan 22, 2019.
             Succumbed to an adder's poison
             ... on level 1 of the Dungeon.
             The game lasted 00:09:32 (2047 turns).

Tiagovsky the Changer (Gnoll Wanderer)              Turns: 2047, Time: 00:09:33

Health: 0/32       AC:  3    Str: 14    XL:     4   Next: 31%
Magic:  5/8        EV: 13    Int: 18    God:
Gold:   59         SH:  0    Dex: 12    Spells: 8/9 levels left

rFire    + . .     SeeInvis .   w - +1 short sword (drain)
rCold    + . .     Gourm    .   (no shield)
rNeg     . . .     Faith    .   d - +0 robe
rPois    .         Spirit   .   (no helmet)
rElec    .         Reflect  .   i - scarf {rC+ rF+}
rCorr    .         Harm     .   (no gloves)
MR       .....                  j - +0 pair of boots
Stlth    ++........             (no amulet)
HPRegen  0.10/turn              (no ring)
MPRegen  0.11/turn              (no ring)

@: lethally poisoned (0 -> -3), very slightly contaminated
A: distributed training, fangs 1, strong nose
a: no special abilities


You were on level 1 of the Dungeon.
You were hungry.

You visited 1 branch of the dungeon, and saw 2 of its levels.

You collected 59 gold pieces.

Inventory:

Hand Weapons
 q - a +0 blowgun
 w - a +1 short sword of draining (weapon)
Missiles
 b - 4 poisoned needles
 c - 17 stones (quivered)
Armour
 d - a +0 robe (worn)
 i - a scarf of resistance (worn)
 j - a +0 pair of boots (worn)
Scrolls
 a - 2 scrolls of identify
 e - a scroll of random uselessness
 g - a scroll of remove curse {unknown}
 h - a scroll of teleportation {unknown}
Comestibles
 f - 3 rations
 k - a chunk of flesh


   Skills:
 + Level 1.1 Fighting
 + Level 1.1 Short Blades
 + Level 1.1 Long Blades
 + Level 1.1 Axes
 + Level 1.1 Maces & Flails
 + Level 2.7 Polearms
 + Level 1.1 Staves
 + Level 1.1 Slings
 + Level 1.1 Bows
 + Level 1.1 Crossbows
 + Level 2.7 Throwing
 + Level 1.1 Armour
 + Level 2.7 Dodging
 + Level 2.5 Stealth
 + Level 1.1 Shields
 + Level 1.1 Unarmed Combat
 + Level 3.0 Spellcasting
 + Level 0.8 Conjurations
 + Level 0.8 Hexes
 + Level 0.8 Charms
 + Level 0.8 Summonings
 + Level 0.8 Necromancy
 + Level 2.2 Translocations
 + Level 5.4 Transmutations
 + Level 0.8 Fire Magic
 + Level 0.8 Ice Magic
 + Level 0.8 Air Magic
 + Level 0.8 Earth Magic
 + Level 0.8 Poison Magic
 + Level 1.2 Invocations
 + Level 2.7 Evocations


You had 8 spell levels left.
You knew the following spells:

 Your Spells              Type           Power        Failure   Level  Hunger
a - Sandblast             Erth           #.....       12%         1    None

Your spell library contained the following spells:

 Spells                   Type           Power        Failure   Level  Hunger
 Passwall                 Tmut/Erth      ##......     7%          2    ##.....
 Stone Arrow              Conj/Erth      #.....       34%         3    ###....
 Petrify                  Tmut/Erth      ##......     41%         4    ####...
 Lee's Rapid Deconstruct  Erth           #.........   97%         5    ######.


Dungeon Overview and Level Annotations

Branches:
Dungeon (2/15)

Altars:


Innate Abilities, Weirdness & Mutations

Your experience applies equally to all skills.
You have very sharp teeth.
Your uncanny sense of smell can sniff out nearby items.


Message History

Aim: an adder You miscast Sandblast.
Nothing appears to happen.
The adder completely misses you.
Casting: Sandblast (safe; 12% risk of failure)
Confirm with . or Enter, or press ? or * to list all spells.
Aiming: Sandblast (safe; 12% risk of failure)
Press: ? - help, Shift-Dir - straight line, f/p - adder
Aim: an adder The blast of sand hits the adder.
The adder is almost dead.
c - 17 stones The adder bites you.
* * * LOW HITPOINT WARNING * * *
The adder misses you.
You aren't carrying any potions.
As you read the scroll labeled MIEREI QATEINO, it crumbles to dust.
It is a scroll of identify.
e - a scroll of random uselessness You are feeling hungry.
You die...

..# #.#
##......#.#
..####'##
#(......#.#
........#
#.......#.#
.#......#
#.......#.#
.#......#
#....#.##.#
........#
###.......#
.....####
#......##
..####
#......#
.....#
#..@...#
.#...#
#..S...#
.#...#
#......#
.....#
########
.....#
.....#
####.#
########
#.#
#......#
#.#
#...[..#


You could see an adder.

Vanquished Creatures
  A gnoll (D:2)
  An adder (D:1)
  An ooze (D:1)
  A dart slug (D:1)
  2 leopard geckos (D:1)
  A giant cockroach (D:1)
  7 goblins
  3 hobgoblins (D:1)
  6 jackals (D:2)
  A quokka (D:1)
  2 ball pythons (D:1)
  5 bats
  A frilled lizard (D:2)
  6 kobolds
  6 rats
44 creatures vanquished.

Notes
Turn   | Place    | Note
-------+----------+-------------------------------------------
     0 | D:1      | Tiagovsky the Gnoll Wanderer began the quest for the Orb.
     0 | D:1      | Tiagovsky set off with: 10 poisoned needles, a +0 blowgun,
                  | a +0 robe, a ration
     0 | D:1      | Reached XP level 1. HP: 13/13 MP: 4/4
   511 | D:1      | Learned a level 1 spell: Sandblast
   523 | D:1      | Reached XP level 2. HP: 19/19 MP: 5/5
  1079 | D:1      | Reached XP level 3. HP: 19/25 MP: 7/7
  1516 | D:1      | Reached skill level 1 in Invocations
  1924 | D:2      | Reached skill level 1 in Fighting
  1924 | D:2      | Reached skill level 1 in Short Blades
  1924 | D:2      | Reached skill level 1 in Long Blades
  1924 | D:2      | Reached skill level 1 in Axes
  1924 | D:2      | Reached skill level 1 in Maces & Flails
  1924 | D:2      | Reached skill level 1 in Staves
  1924 | D:2      | Reached skill level 1 in Slings
  1924 | D:2      | Reached skill level 1 in Bows
  1924 | D:2      | Reached skill level 1 in Crossbows
  1924 | D:2      | Reached skill level 1 in Armour
  1924 | D:2      | Reached skill level 1 in Shields
  1924 | D:2      | Reached skill level 1 in Unarmed Combat
  1975 | D:2      | Reached XP level 4. HP: 32/32 MP: 8/8
  2046 | D:1      | HP: 1/32 [adder (3)]
  2047 | D:1      | Succumbed to an adder's poison

Skill      XL: |  1  2  3  4 |
---------------+-------------+-----
Translocations | 2 |  2.2
Invocations    | 1 |  1.2
Fighting       | 1 |  1.1
Short Blades   | 1 |  1.1
Long Blades    | 1 |  1.1
Axes           | 1 |  1.1
Maces & Flails | 1 |  1.1
Staves         | 1 |  1.1
Slings         | 1 |  1.1
Bows           | 1 |  1.1
Crossbows      | 1 |  1.1
Armour         | 1 |  1.1
Shields        | 1 |  1.1
Unarmed Combat | 1 |  1.1
Spellcasting   | 3 |  3.0
Polearms       | |  2.7
Throwing       | |  2.7
Dodging        | |  2.7
Stealth        | |  2.5
Conjurations   | |  0.8
Hexes          | |  0.8
Charms         | |  0.8
Summonings     | |  0.8
Necromancy     | |  0.8
Transmutations | |  5.4
Fire Magic     | |  0.8
Ice Magic      | |  0.8
Air Magic      | |  0.8
Earth Magic    | |  0.8
Poison Magic   | |  0.8
Evocations     | |  2.7

Action                   |  1- 3 |  4- 6 || total
-------------------------+-------+-------++-------
Melee: Dagger            |    19 |       ||    19
       Bite              |     5 |     4 ||     9
       Short sword       |    33 |    36 ||    69
 Fire: Blowgun           |    34 |     1 ||    35
 Cast: Sandblast         |     5 |     3 ||     8
  Use: Scroll            |       |     1 ||     1
  Eat: Chunk             |     3 |       ||     3
Armor: Robe              |    17 |    13 ||    30
Dodge: Dodged            |    73 |    32 ||   105
